 Dungeon Crawl Stone Soup version 0.14-a0-759-g26e2352 (webtiles) character file.

410 PolkaDot the Vexing (level 5, -7/35 HPs)
             Began as a Vampire Enchanter on Nov 8, 2013.
             Was an Initiate of Sif Muna.
             Killed from afar by an orc wizard (8 damage)
             ... with a puff of flame
             ... on Level 4 of the Dungeon.
             The game lasted 00:06:07 (2574 turns).

PolkaDot the Vexing (Vampire Enchanter)             Turns: 2574, Time: 00:06:08

HP  -7/35        AC  4     Str  7      XL: 5   Next: 27%
MP   9/9         EV 12     Int 23      God: Sif Muna [......]
Gold 238         SH  0     Dex 14      Spells:  2 memorised,  2 levels left

Res.Fire  : . . .   See Invis. : +   a - +1 dagger
Res.Cold  : . . .   Warding    : .   b - +1 robe
Life Prot.: . . .   Conserve   : .   (no shield)
Res.Poison: .       Res.Corr.  : .   (no helmet)
Res.Elec. : .       Clarity    : .   (no cloak)
Sust.Abil.: . .     Spirit.Shd : .   (no gloves)
Res.Mut.  : .       Stasis     : .   q - +0 pair of boots
Res.Rott. : .       Flight     : .   (no amulet)
Saprovore : . . .                    (no ring)
                                     (no ring)

@: regenerating quickly, brilliant, slightly resistant to hostile enchantments,
quite stealthy
A: fangs 3, see invisible, unbreathing
a: Renounce Religion


You were on level 4 of the Dungeon.
You worshipped Sif Muna.
Sif Muna was noncommittal.
You were full.

You visited 1 branch of the dungeon, and saw 4 of its levels.

You collected 238 gold pieces.

Inventory:

Hand weapons
 a - a +1,+1 dagger (weapon)
Missiles
 d - 12 darts (quivered)
Armour
 b - a +1 robe (worn)
 q - a +0 pair of boots (worn)
Scrolls
 f - a scroll of enchant weapon I {unknown}
 h - 4 scrolls of teleportation {unknown}
 j - a scroll of enchant armour {unknown}
 k - 3 scrolls of identify {unknown}
 l - a scroll of fear {unknown}
 m - 2 scrolls of fog {unknown}
 p - 2 scrolls of noise {unknown}
 s - a scroll of remove curse {unknown}
Potions
 i - a potion of might {unknown}
 o - a potion of heal wounds {unknown}
 r - a potion of mutation {unknown}
Books
 c - a book of Maledictions

   Spells                             Type                      Level
   *Corona                            Hexes                        1
   Sure Blade                         Hexes/Charms                 2
   Ensorcelled Hibernation            Hexes/Ice                    2
   *Confuse                           Hexes                        3
   Enslavement                        Hexes                        4
   Invisibility                       Hexes                        6


   Skills:
 - Level 3.0 Short Blades
 - Level 0.7 Throwing
 - Level 2.1 Dodging
 + Level 5.0 Stealth
 - Level 1.0 Spellcasting
 * Level 6.7 Hexes


You had 2 spell levels left.
You knew the following spells:

 Your Spells              Type           Power        Failure   Level  Hunger
A - Corona                Hex            #####..      1%          1    ##.....
C - Confuse               Hex            #####...     1%          3    ####...


Dungeon Overview and Level Annotations

Branches:
Dungeon (4/27)             Temple (0/1) D:4

Altars:
Cheibriados
Sif Muna
the Shining One


Innate Abilities, Weirdness & Mutations

Your natural rate of healing is unusually fast.
You have razor-sharp teeth.*
You have supernaturally acute eyesight.
You can survive without breathing.*


Message History

The orc priest invokes the aid of Beogh against you.
Something smites you!
* * * LOW HITPOINT WARNING * * *
Drink which item? (? for menu, Esc to quit)
You feel better.
It was a potion of curing.
The orc priest shouts!
The orc wizard hits you but does no damage.
Drink which item? (? for menu, Esc to quit)
You feel better.
The orc priest calls down the wrath of Beogh upon you.
Something smites you! The orc wizard casts a spell at you.
The puff of flame hits you!
* * * LOW HITPOINT WARNING * * *
Drink which item? (? for menu, Esc to quit)
You feel more clever all of a sudden.
It was a potion of brilliance.
The orc wizard gestures at you while chanting.
The puff of flame hits you!
You die...

. .... .... .....
#####################....
...oo.oo@...........+..>.
###############.#####....
#.............
#.#.#####.....
#.#......[....
####....####.....
#.....#.#####....
#............#.##
#..####.####...#


You could see 2 orc priests, an orc wizard (invisible) and an orc.

Vanquished Creatures
  An ogre (D:3)
  2 adders
  A giant centipede zombie (D:3)
  An orc (D:4)
  7 bats
  A bat skeleton (D:4)
  3 giant cockroaches
  6 hobgoblins
  5 kobolds
  An ooze (D:1)
  A quokka (D:2)
  3 giant geckos
  4 giant newts
  10 goblins
  5 jackals (D:3)
  6 rats
57 creatures vanquished.

Notes
Turn   | Place    | Note
--------------------------------------------------------------
     0 | D:1      | PolkaDot, the Vampire Enchanter, began the quest for the Orb.
     0 | D:1      | Reached XP level 1. HP: 13/13 MP: 4/4
   158 | D:1      | Reached XP level 2. HP: 11/19 MP: 5/5
   705 | D:2      | Reached skill level 5 in Hexes
   705 | D:2      | Reached XP level 3. HP: 12/24 MP: 6/6
   907 | D:2      | Learned a level 3 spell: Confuse
   993 | D:2      | Found a glowing golden altar of the Shining One.
  1791 | D:3      | Noticed an ogre
  1851 | D:3      | Killed an ogre
  1851 | D:3      | Reached skill level 5 in Stealth
  1851 | D:3      | Reached skill level 6 in Hexes
  1851 | D:3      | Reached XP level 4. HP: 21/30 MP: 1/8
  1851 | D:3      | Reached XP level 5. HP: 24/35 MP: 1/9
  2096 | D:3      | Found a deep blue altar of Sif Muna.
  2099 | D:3      | Became a worshipper of Sif Muna the Loreminder
  2447 | D:4      | Found a staircase to the Ecumenical Temple.
  2488 | D:4      | Found a snail-covered altar of Cheibriados.
  2573 | D:4      | HP: 1/35 [orc wizard/puff of flame (12)]
  2574 | D:4      | Killed from afar by an orc wizard

Action                   |  1- 3 |  4- 6 || total
-------------------------+-------+-------++-------
Melee: Short sword       |   147 |    49 ||   196
       Dagger            |    19 |       ||    19
 Cast: Confuse           |     3 |       ||     3
  Use: Potion            |     1 |     3 ||     4
 Stab: Sleeping          |     5 |     3 ||     8
       Confused          |     3 |       ||     3
